 Dungeon Crawl Stone Soup version 0.27-a0-965-gbf8bb431c4 (webtiles) character file.

Game seed: 1637274713257780683

13427 spiderkeys the Spear-Bearer (level 11, -4/87 HPs)
             Began as a Demonspawn Abyssal Knight on Apr 12, 2021.
             Was an Elder of Lugonu.
             Slain by a phantasmal warrior (13 damage)
             ... led by a death knight
             ... on level 11 of the Dungeon.
             The game lasted 00:17:19 (11657 turns).

spiderkeys the Spear-Bearer (DsAK)                 Turns: 11657, Time: 00:17:20

Health: -4/87      AC: 14    Str: 19    XL:     11   Next: 75%
Magic:  27/27      EV: 18    Int: 21    God:    Lugonu [****..]
Gold:   560        SH:  5    Dex: 17    Spells: 7/10 levels left

rFire    + + .     SeeInvis .   f - +6 halberd of Gahaxae {vorpal, Fly Dex+7}
rCold    . . .     Faith    .   (shield currently unavailable)
rNeg     . . .     Spirit   .   t - +5 ring mail of Licrahupp {rPois}
rPois    +         Reflect  +   (helmet restricted)
rElec    +         Harm     .   (no cloak)
rCorr    +         Rampage  .   m - +2 pair of gloves {Str+3}
Will     .....                  (no boots)
Stlth    ..........             g - amulet of Ciesosk {Reflect rPois rCorr Dex-3 Slay-4 SH+5}
HPRegen  0.24/turn              h - ring of Alollemn {Fly rF++ Int+6}
MPRegen  0.20/turn              r - ring "Foumioki" {rElec MP+9 EV+4 Stlth-}

@: about to teleport, weak-willed, flying, slowed, very slow
A: antennae 2, ignite blood 1, powered by death 1, big brain 1
a: Renounce Religion, Depart the Abyss, Bend Space, Banish, Corrupt


You were on level 11 of the Dungeon.
You worshipped Lugonu.
Lugonu was greatly pleased with you.
You visited 1 branch of the dungeon, and saw 11 of its levels.
You visited the Abyss 1 time.

You collected 664 gold pieces.
You spent 104 gold pieces at shops.

Inventory:

Hand Weapons
 a - a +1 spear
 f - the +6 halberd of Gahaxae (weapon) {vorpal, Fly Dex+7}
   (You acquired it on level 1 of the Dungeon)

   It inflicts extra damage upon your enemies.
   It affects your dexterity (+7).
   It grants you flight.
Missiles
 B - 2 curare-tipped darts
Armour
 m - a +2 pair of gloves of strength (worn)
 t - the +5 ring mail of Licrahupp (worn) {rPois}
   (You found it on level 6 of the Dungeon)

   It protects you from poison.
 G - a +2 buckler
Jewellery
 g - the amulet of Ciesosk (around neck) {Reflect rPois rCorr Dex-3 Slay-4 SH+5}
   (You acquired it on level 10 of the Dungeon)

   [amulet of reflection]

   It reflects blocked missile attacks.
   It affects your dexterity (-3).
   It affects your accuracy and damage with ranged weapons and melee attacks
   (-4).
   It protects you from poison.
   It protects you from acid and corrosion.
   It affects your SH (+5).
 h - the ring of Alollemn (left hand) {Fly rF++ Int+6}
   (You acquired it on level 1 of the Dungeon)

   [ring of intelligence]

   It affects your intelligence (+6).
   It greatly protects you from fire.
   It grants you flight.
 r - the ring "Foumioki" (right hand) {rElec MP+9 EV+4 Stlth-}
   (You found it on level 5 of the Dungeon)

   [ring of evasion]

   It affects your evasion (+4).
   It insulates you from electricity.
   It affects your magic capacity (+9).
   It makes you less stealthy.
Wands
 l - a wand of iceblast (40)
 y - a wand of digging (4)
 A - a wand of paralysis (9)
Scrolls
 i - 2 scrolls of enchant weapon
 j - 3 scrolls of amnesia
 q - 2 scrolls of fear
 v - a scroll of enchant armour
 w - 4 scrolls of teleportation
 x - a scroll of fog
Potions
 b - a potion of attraction
 c - a potion of magic
 d - a potion of brilliance {unknown}
 e - 2 potions of flight {unknown}
 k - 5 potions of curing
 n - 3 potions of might
 o - 3 potions of lignification
 p - 3 potions of cancellation
 u - a potion of berserk rage {unknown}
 z - a potion of invisibility {unknown}
 C - a potion of resistance {unknown}


   Skills:
 + Level 8.4 Fighting
 * Level 10.4 Polearms
 + Level 7.3 Armour
 + Level 7.1 Dodging
 + Level 10.4 Invocations


You had 7 spell levels left.
You knew the following spells:

 Your Spells              Type           Power      Damage    Failure   Level
a - Confusing Touch       Hex            0%         N/A       65%         3

Your spell library contained the following spells:

 Spells                   Type           Power      Damage    Failure   Level
 Animate Skeleton         Necr           0%         N/A       28%         1
 Apportation              Tloc           0%         N/A       28%         1
 Corona                   Hex            0%         N/A       28%         1
 Magic Dart               Conj           0%         1d3       28%         1
 Pain                     Necr           0%         1d4       28%         1
 Sandblast                Erth           0%         2d4       28%         1
 Sting                    Tmut/Pois      0%         1d3       28%         1
 Summon Small Mammal      Summ           0%         N/A       28%         1
 Ensorcelled Hibernation  Hex/Ice        0%         N/A       41%         2
 Passwall                 Tmut/Erth      0%         N/A       41%         2
 Searing Ray              Conj           0%         3d3       41%         2
 Dazzling Flash           Conj/Hex       0%         N/A       65%         3
 Gell's Gravitas          Tloc           0%         N/A       65%         3
 Ignite Poison            Fire/Tmut/Pois 0%         N/A       65%         3
 Stone Arrow              Conj/Erth      0%         3d7       65%         3
 Vampiric Draining        Necr           0%         2d6       65%         3
 Animate Armour           Summ/Erth      0%         N/A       96%         4
 Animate Dead             Necr           0%         N/A       96%         4
 Fulminant Prism          Conj/Hex       0%         3d6       96%         4
 Iskenderun's Mystic Bla  Conj/Tloc      0%         2d3       96%         4
 Leda's Liquefaction      Hex/Erth       0%         N/A       96%         4
 Petrify                  Tmut/Erth      0%         N/A       96%         4
 Agony                    Necr           0%         N/A       100%        5
 Borgnjor's Vile Clutch   Necr/Erth      0%         N/A       100%        5
 Lee's Rapid Deconstruct  Erth           0%         3d5*      100%        5
 Metabolic Englaciation   Hex/Ice        0%         N/A       100%        5
 Silence                  Hex/Air        0%         N/A       100%        5
 Yara's Violent Unravell  Hex/Tmut       0%         3d3       100%        5
 Eringya's Noxious Bog    Tmut/Pois      0%         N/A       100%        6
 Iron Shot                Conj/Erth      0%         9d1       100%        6
 Shadow Creatures         Summ           N/A        N/A       100%        6


Dungeon Overview and Level Annotations

Branches:
Dungeon (11/15)            Temple (0/1) D:6            Lair (0/6) D:9
    Orc (0/2) D:9

Altars:
Ashenzari
Cheibriados
Dithmenos
Fedhas
Kikubaaqudgha
Makhleb
Nemelex Xobeh
Vehumet
Xom
Yredelemnul
Zin
The Shining One
Beogh

Shops:
D:2 !


Innate Abilities, Weirdness & Mutations

You have a pair of antennae on your head.
Your demonic aura sometimes causes spilled blood to erupt in flames You regenerate a little health from kills.
You have an unusually large brain. (Int +2)


Message History

You slash the wraith!
The wraith is severely damaged.
The phantasmal warrior hits you but does no damage.
The wraith closely misses you.
You hit the wraith but do no damage.
The wraith is severely damaged.
The phantasmal warrior hits you.
Your willpower is stripped away!
The wraith completely misses you.
You puncture the wraith!
You destroy the wraith!
Lugonu accepts your kill.
You block the phantasmal warrior's attack.
The wraith completely misses you.
You closely miss the phantasmal warrior.
The phantasmal warrior completely misses you.
The wraith hits you but does no damage.
You closely miss the phantasmal warrior.
The phantasmal warrior hits you!! The wraith closely misses you.
You are too injured to fight recklessly!
You are too injured to fight recklessly!
You are too injured to fight recklessly!
You are too injured to fight recklessly!
You barely miss the wraith.
You block the phantasmal warrior's attack.
The wraith hits you but does no damage.
You hit the wraith.
The wraith is lightly damaged.
The phantasmal warrior hits you! The wraith hits you.
The wraith drains your vigour!
You feel yourself slow down.
You closely miss the wraith.
The wraith is lightly damaged.
The phantasmal warrior hits you!!
* * * LOW HITPOINT WARNING * * *
The wraith misses you.
The phantasmal warrior hits you but does no damage.
The wraith completely misses you.
Okay, then.
As you read the scroll of teleportation, it crumbles to dust.
You feel strangely unstable. The phantasmal warrior hits you!
You die...

#........
#...#........
#...#....#..#
#...#.......#
#...#........
#...#....#..#
#...#.W.....#
#...W@.....?.
#........#..#
#...######
#........#
#........#
#...#######.
#...........
#...........
#...#..####.


You could see a phantasmal warrior and a wraith.

Vanquished Creatures
  A hydra (D:10)
  A centaur warrior (D:10)
  2 two-headed ogres
  The ghost of Drazool the Orthodox, a novice TrHu of Zin (D:8)
  Pikel (D:6)
  A manticore (D:9)
  An ugly thing (D:10)
  Joseph (D:7)
  A tengu conjurer (D:10)
  Grinder (D:5)
  A slime creature (D:10)
  2 shadows
  5 wraiths
  5 yaks
  3 steam dragons (D:10)
  An acid dragon (D:10)
  2 water moccasins
  5 orc warriors
  A black bear (D:6)
  A sky beast (D:7)
  3 ice beasts
  3 necrophages
  An ogre (D:5)
  2 phantoms (D:6)
  4 centaurs
  2 kobold brigands
  3 bullfrogs
  A gnoll sergeant (D:7)
  2 scorpions (D:6)
  10 wights
  A howler monkey (D:7)
  6 centaur zombies
  A hound (D:6)
  9 orc priests
  4 centaur skeletons
  4 jellies
  3 iguanas
  11 orc wizards
  A killer bee zombie (D:8)
  4 howler monkey zombies
  Robin (D:3)
  9 gnolls
  3 adders
  2 dart slugs (D:3)
  43 orcs
  5 endoplasms
  2 giant cockroaches
  9 hobgoblins
  6 jackals (D:1)
  9 kobolds
  2 quokkas
  2 ball pythons
  5 bats
  6 frilled lizards
  15 goblins
  5 rats
236 creatures vanquished.

Vanquished Creatures (others)
  A human (D:7)
1 creature vanquished.

Grand Total: 237 creatures vanquished

Notes
Turn   | Place    | Note
-------+----------+-------------------------------------------
     0 | Abyss:1  | spiderkeys the Demonspawn Abyssal Knight began the quest
                  | for the Orb.
     0 | Abyss:1  | Reached XP level 1. HP: 18/18 MP: 2/2
    77 | Abyss:3  | Found a stormy altar of Qazlal.
    93 | Abyss:3  | Noticed a water elemental
    94 | Abyss:3  | Noticed a worldbinder
    94 | Abyss:3  | Noticed a water nymph
    95 | Abyss:3  | Noticed a merfolk siren
    95 | Abyss:3  | Noticed a merfolk siren
    95 | Abyss:3  | Noticed a merfolk siren
    96 | D:1      | Escaped the Abyss
   308 | D:1      | Reached skill level 1 in Dodging
   308 | D:1      | Identified a scroll of acquirement
   308 | D:1      | Acquired the +6 halberd of Gahaxae {vorpal, Fly Dex+7}
   383 | D:1      | Reached * piety under Lugonu
   386 | D:1      | Gained mutation: You regenerate a little health from kills.
                  | [demonic ancestry]
   386 | D:1      | Reached XP level 2. HP: 24/24 MP: 3/3
   657 | D:1      | Reached XP level 3. HP: 29/29 MP: 5/5
   715 | D:1      | Found a faded altar of an unknown god.
   883 | D:1      | Acquired the ring of Alollemn {Fly rF++ Int+6}
   975 | D:2      | Found Ibaggidd's Distillery.
   985 | D:2      | Bought a potion of curing for 39 gold pieces
  1281 | D:2      | Reached ** piety under Lugonu
  1572 | D:3      | Noticed Robin
  1575 | D:3      | Killed Robin
  2080 | D:3      | Reached XP level 4. HP: 35/35 MP: 6/6
  2102 | D:3      | Found a shimmering altar of Xom.
  2117 | D:3      | Acquired a +2 pair of gloves of strength
  2499 | D:3      | Reached XP level 5. HP: 41/41 MP: 7/7
  3032 | D:2      | Bought a potion of heal wounds for 65 gold pieces
  3079 | D:4      | Noticed a necrophage
  3089 | D:4      | Killed a necrophage
  3090 | D:4      | Reached XP level 6. HP: 32/48 MP: 7/9
  3302 | D:4      | Learned a level 3 spell: Confusing Touch
  3568 | D:4      | Found a radiant altar of Vehumet.
  3691 | D:5      | Entered Level 5 of the Dungeon
  3717 | D:5      | Noticed a water moccasin
  3721 | D:5      | Killed a water moccasin
  3724 | D:5      | Gained mutation: You have a pair of small antennae on your
                  | head. [demonic ancestry]
  3724 | D:5      | Reached XP level 7. HP: 53/54 MP: 10/10
  3729 | D:5      | Identified the ring "Foumioki" {rElec MP+9 EV+4 Stlth-}
  3829 | D:5      | Reached *** piety under Lugonu
  3847 | D:5      | Noticed Grinder
  3848 | D:5      | Paralysed by Grinder for 3 turns
  3858 | D:5      | Paralysed by Grinder for 2 turns
  3862 | D:5      | Paralysed by Grinder for 4 turns
  3866 | D:5      | Killed Grinder
  3867 | D:5      | Reached skill level 5 in Invocations
  4164 | D:5      | Reached skill level 5 in Polearms
  4167 | D:5      | Gained mutation: You have a pair of antennae on your head.
                  | [demonic ancestry]
  4167 | D:5      | Reached XP level 8. HP: 47/61 MP: 12/12
  4488 | D:5      | Found a sparkling altar of Nemelex Xobeh.
  4605 | D:5      | Found a basalt altar of Yredelemnul.
  4709 | D:6      | Identified the +5 ring mail of Licrahupp {rPois}
  4783 | D:6      | Reached skill level 5 in Fighting
  4947 | D:6      | Found a staircase to the Ecumenical Temple.
  5107 | D:6      | Gained mutation: Your demonic aura sometimes causes spilled
                  | blood to erupt in flames [demonic ancestry]
  5107 | D:6      | Reached XP level 9. HP: 63/68 MP: 14/14
  5138 | D:6      | Noticed Pikel
  5151 | D:6      | Killed Pikel
  5153 | D:6      | Reached skill level 5 in Armour
  5572 | D:7      | Found a burning altar of Makhleb.
  5634 | D:7      | Reached skill level 5 in Dodging
  5647 | D:7      | Noticed Joseph
  5659 | D:7      | Killed Joseph
  5659 | D:7      | Reached **** piety under Lugonu
  5879 | D:7      | Found an ancient bone altar of Kikubaaqudgha.
  6330 | D:8      | Reached XP level 10. HP: 64/77 MP: 16/16
  6543 | D:8      | Found a runed translucent gate.
  6543 | D:8      | Found a runed translucent gate.
  6543 | D:8      | Found a runed translucent gate.
  6660 | D:8      | Found a shadowy altar of Dithmenos.
  6833 | D:8      | Found a blossoming altar of Fedhas.
  7090 | D:8      | Noticed a two-headed ogre
  7125 | D:8      | Killed a two-headed ogre
  7396 | D:8      | Noticed Drazool's ghost (novice TrHu)
  7544 | D:8      | Killed Drazool's ghost
  7878 | D:9      | Noticed a manticore
  7885 | D:9      | Killed a manticore
  8328 | D:9      | Found a snail-covered altar of Cheibriados.
  8657 | D:9      | Found a staircase to the Orcish Mines.
  9172 | D:9      | Found a staircase to the Lair.
  9533 | D:10     | Entered Level 10 of the Dungeon
  9647 | D:10     | Reached ***** piety under Lugonu
  9648 | D:10     | Gained mutation: You have an unusually large brain. (Int
                  | +2) [demonic ancestry]
  9648 | D:10     | Reached XP level 11. HP: 52/84 MP: 18/18
  9810 | D:10     | Acquired the amulet of Ciesosk {Reflect rPois rCorr Dex-3
                  | Slay-4 SH+5}
 10094 | D:10     | Found a broken altar of Ashenzari.
 10231 | D:10     | Noticed a six-headed hydra
 10238 | D:10     | Killed a nine-headed hydra
 10251 | D:10     | Noticed a brown ugly thing
 10257 | D:10     | Killed a brown ugly thing
 10278 | D:10     | Identified the amulet of Xinyf {Reflect rF+ rC+ Str-5 Dex+4
                  | SH+5}
 10278 | D:10     | Noticed a centaur warrior
 10296 | D:10     | Killed a centaur warrior
 10498 | D:10     | Noticed a two-headed ogre
 10509 | D:10     | Banished a two-headed ogre
 10510 | D:10     | Reached skill level 10 in Polearms
 10510 | D:10     | Reached skill level 10 in Invocations
 10899 | D:10     | Identified Hierrowo's Disquisition on the Rocks and
                  | Transformation
 11370 | D:9      | Found a runed translucent door.
 11582 | D:11     | Noticed a two-headed ogre
 11587 | D:11     | Killed a two-headed ogre
 11642 | D:11     | Noticed a phantasmal warrior
 11657 | D:11     | Slain by a phantasmal warrior

Illustrated notes

Levels and vault maps discovered:
D:1:      dpeg_arrival_simpleton_c, layout_basic,
          hellmonk_ecumenical_altar_inner_sanctum
D:2:      layout_loops_ring, serial_shops, shop
D:3:      layout_loops_corners, nicolae_overflow_crystal_walls, minmay_unequal,
          uniq_robin
D:4:      layout_cave_pools, old_standard_altar, kennysheep_little_box
D:5:      layout_loops_ring, nemelex_diamond_rough_becter, kennysheep_mini_moat,
          uniq_grinder
D:6:      minmay_bubble_buster, layout_cave_pools,
          lemuel_coloured_pillars_altar, minmay_temple_entry_glassed_door,
          hangedman_decor_peaks_small, uniq_pikel
D:7:      layout_gridville, general_overflow_altar, tgw_kikubaaqudgha,
          uniq_joseph
D:8:      layout_gridville, amcnicky_altar_gilded, lemuel_tele_altar,
          ebering_ghost_rock_garden
D:9:      layout_layer_cave, old_standard_altar, lair_entry_dummy, david_orc_2,
          lightli_church_of_beogh
D:10:     minmay_the_grid_four_pointed_star [minmay_the_grid_triangle_9x9_cache,
          minmay_the_grid_triangle_9x9_corruption,
          minmay_the_grid_triangle_9x9_thin_v,
          minmay_the_grid_triangle_9x9_flanged_cone,
          minmay_the_grid_prize_four_corners_diamond_b], layout_basic,
          evilmike_ruin_ashenzari
D:11:     layout_grid_maze, gauntlet_entry_generic

Skill      XL: |  1  2  3  4  5  6  7  8  9 10 11 |
---------------+----------------------------------+-----
Dodging        | 1 2 3 4 5 6 7 |  7.1
Polearms       | 2 3 4 5 6 7 9 10 | 10.4
Armour         | 2 3 4 5 6 7 |  7.3
Invocations    | 3 4 5 6 8 9 10 | 10.4
Fighting       | 4 5 6 7 8 |  8.4

Action                   |  1- 3 |  4- 6 |  7- 9 | 10-12 || total
-------------------------+-------+-------+-------+-------++-------
Melee: Halberd           |    83 |    99 |   213 |   313 ||   708
       Spear             |     8 |       |       |       ||     8
Invok: Depart the Abyss  |     1 |       |       |       ||     1
       Banish            |       |       |       |     3 ||     3
Evoke: Wand              |       |       |       |     4 ||     4
  Use: Scroll            |     6 |     4 |     3 |     8 ||    21
       Potion            |       |       |       |     4 ||     4
Armor: Chain mail        |    50 |    55 |    21 |       ||   126
       Ring mail         |       |       |    42 |    98 ||   140
Dodge: Dodged            |    19 |    39 |   190 |   257 ||   505
Block: Other             |       |       |       |    28 ||    28

Table legend: (Time is in decaauts)
 A = Elapsed time spent in this place.
 B = Non-inter-level travel time spent in this place.
 C = Inter-level travel time spent in this place.
 D = Time resting spent in this place.
 E = Time spent auto-exploring this place.
 F = Levels seen in this place.
 G = Mean time per level.
                   A        B        C        D        E       F      G
               +--------+--------+--------+--------+--------+-----+--------+
         Total |  11786 |  11143 |    643 |   1078 |   8316 |  14 |  841.9 |
       Dungeon |  11690 |  11047 |    643 |   1078 |   8277 |  11 | 1062.7 |
         Abyss |     95 |     95 |      0 |      0 |     39 |   3 |   31.7 |
               +--------+--------+--------+--------+--------+-----+--------+

Top non-repeatable levels by time:
     D:9: 2033 daAuts
    D:10: 1801 daAuts
     D:8: 1421 daAuts
     D:2: 1160 daAuts
     D:3: 1022 daAuts
     D:5: 944 daAuts
     D:6: 918 daAuts
     D:1: 843 daAuts
     D:7: 795 daAuts
     D:4: 633 daAuts
    D:11: 116 daAuts
 Abyss:1: 47 daAuts
 Abyss:2: 28 daAuts
 Abyss:3: 19 daAuts
